AoeStats
← [TW] ASEE

Arena

510712733Analyzed
4v4 RM · 13h ago on Oct 2, 2026· 57m 3s· 8 players
Game mode
Random Map
Map size
Large (8 player)
Population
200
Speed
Normal
Resources
Standard
Victory
Conquest
Starting age
Dark Age
Ending age
Imperial Age
RankedLock teamsTeams togetherTeam positionsShared explorationLock speedFull tech treeHidden civsTurbo modeCheats
Victory
Defeat
🇨🇳 Britons · China
1010
+13
🇩🇪 Celts · Germany
984
+14
🇲🇽 Ethiopians · Mexico
951
+15
🇦🇹 Danes · Austria
863
+18
🇨🇳 Ethiopians · China
981
-17
🇧🇷 Saracens · Brazil
978
-17
🇹🇼 Spanish · Taiwan
923
-15
🇹🇼 Shu · Taiwan
838
-30
承
3:05 Loom
10:39 Feudal Age
17:39 Castle Age
15:44 Double-Bit Axe
15:41 Horse Collar
16:01 Stone Mining
16:21 Gold Mining
17:12 Bloodlines
17:50 Scale Barding Armor
20:32 Bow Saw
20:27 Heavy Plow
21:00 Forging
30:29 Imperial Age
29:19 Wheelbarrow
28:29 Town Watch
28:47 Scale Mail Armor
29:00 Husbandry
30:06 Chain Barding Armor
30:53 Hand Cart
31:17 Iron Casting
30:52 Town Patrol
31:43 Chain Mail Armor
31:32 Murder Holes
31:22 Light Cavalry
32:32 Ballistics
32:28 Squires
31:49 Pikeman
33:25 Plate Barding Armor
32:56 Hussar
34:39 Blast Furnace
34:27 Conscription
34:44 Plate Mail Armor
35:36 Chemistry
36:08 Two-Man Saw
35:46 Inquisition
38:36 Herbal Medicine
38:21 Elite Conquistador
44:11 Elite Skirmisher
[TW] ASEE
5:55 Loom
12:02 Feudal Age
16:47 Castle Age
14:37 Double-Bit Axe
14:37 Horse Collar
18:31 Wheelbarrow
18:54 Bow Saw
18:57 Gold Mining
22:48 Heavy Plow
23:37 Man-at-Arms
24:03 Gambesons
25:54 Long Swordsman
28:26 Hand Cart
30:20 Town Watch
31:15 Forging
31:07 Scale Mail Armor
35:06 Imperial Age
33:02 Squires
32:48 Arson
34:00 Chain Mail Armor
33:47 Padded Archer Armor
33:38 Fletching
36:03 Gold Shaft Mining
38:45 Scale Barding Armor
38:56 Leather Archer Armor
38:37 Bodkin Arrow
39:13 Plate Mail Armor
39:32 Pikeman
41:08 Halberdier
43:11 Bracer
43:42 Ring Archer Armor
48:22 Conscription
48:04 Coiled Serpent Array
co341014
11:56 Feudal Age
13:02 Double-Bit Axe
16:43 Castle Age
14:27 Horse Collar
15:59 Wheelbarrow
18:01 Bow Saw
17:54 Heavy Plow
24:31 Gold Mining
26:31 Gold Shaft Mining
26:38 Hand Cart
27:17 Stone Mining
27:56 Murder Holes
28:11 Masonry
30:35 Imperial Age
27:52 Town Watch
27:52 Loom
28:18 Scale Barding Armor
29:28 Chain Barding Armor
29:19 Forging
29:37 Town Patrol
29:46 Fletching
29:56 Padded Archer Armor
31:21 Ballistics
31:43 Iron Casting
31:53 Plate Barding Armor
32:38 Chemistry
32:53 Conscription
33:12 Siege Engineers
33:59 Bloodlines
33:49 Husbandry
33:42 Heavy Camel Rider
34:35 Light Cavalry
36:48 Fletching
37:00 Padded Archer Armor
38:02 Blast Furnace
36:44 Elite Mameluke
39:52 Two-Man Saw
39:26 Elite Skirmisher
43:20 Thumb Ring
43:43 Hussar
44:55 Bodkin Arrow
45:16 Leather Archer Armor
47:43 Bracer
48:14 Ring Archer Armor
w
11:54 Feudal Age
13:05 Double-Bit Axe
15:40 Castle Age
13:41 Horse Collar
14:19 Loom
20:16 Bow Saw
20:08 Heavy Plow
22:50 Gold Mining
26:47 Wheelbarrow
25:46 Crossbowman
26:20 Fletching
29:57 Ballistics
30:55 Squires
30:32 Light Cavalry
34:33 Imperial Age
33:05 Bodkin Arrow
34:30 Thumb Ring
35:03 Hussar
37:02 Chemistry
36:10 Bracer
36:11 Padded Archer Armor
37:43 Scale Barding Armor
37:51 Forging
37:54 Onager
39:56 Arbalester
41:52 Chain Barding Armor
42:08 Iron Casting
43:27 Hand Cart
48:14 Gold Shaft Mining
[GDL] DannX
10:30 Feudal Age
15:32 Castle Age
14:18 Gold Mining
24:06 Crossbowman
29:28 Imperial Age
28:56 Fletching
29:07 Padded Archer Armor
29:44 Arbalester
30:48 Bodkin Arrow
31:09 Leather Archer Armor
32:26 Bracer
33:43 Ballistics
37:05 Royal Heirs
37:50 Heavy Camel Rider
39:23 Wheelbarrow
39:23 Ring Archer Armor
39:00 Scale Barding Armor
40:25 Husbandry
41:06 Gold Shaft Mining
40:22 Stone Mining
42:57 Stone Shaft Mining
42:16 Double-Bit Axe
42:20 Light Cavalry
43:34 Hussar
46:24 Thumb Ring
48:13 Chain Barding Armor
50:53 Forging
50:43 Scale Mail Armor
53:25 Iron Casting
53:06 Chain Mail Armor
sebastianbecker1
1:56 Loom
11:13 Feudal Age
11:45 Double-Bit Axe
17:56 Castle Age
15:42 Horse Collar
18:04 Gold Mining
20:06 Arson
21:09 Squires
22:44 Hamask
26:11 Bow Saw
27:27 Heavy Plow
30:36 Wheelbarrow
29:47 Town Watch
31:28 Ballistics
31:04 Murder Holes
31:19 Scale Mail Armor
32:20 Chain Mail Armor
32:16 Forging
31:58 Fletching
36:30 Imperial Age
33:46 Elite Skirmisher
35:18 Masonry
36:21 Bodkin Arrow
36:27 Padded Archer Armor
36:43 Onager
38:38 Iron Casting
38:03 Bracer
37:42 Northmen's Fury
38:48 Siege Engineers
40:14 Conscription
40:30 Hoardings
40:17 Leather Archer Armor
39:33 Pikeman
40:33 Halberdier
44:21 Chemistry
45:12 Siege Onager
49:18 Plate Mail Armor
49:50 Blast Furnace
slayopatra
10:47 Feudal Age
14:49 Castle Age
12:52 Double-Bit Axe
15:18 Horse Collar
16:10 Bow Saw
16:03 Heavy Plow
17:22 Wheelbarrow
17:12 Gold Mining
18:44 Fervor
18:30 Pikeman
19:29 Loom
20:33 Forging
20:24 Scale Mail Armor
23:22 Hand Cart
29:47 Ballistics
29:40 Masonry
30:40 Gold Shaft Mining
29:56 Stone Mining
30:11 Heavy Plow
30:01 Town Watch
33:40 Imperial Age
31:58 Iron Casting
31:23 Scale Mail Armor
32:29 Fortified Wall
33:00 Scale Mail Armor
34:32 Chain Mail Armor
35:48 Furor Celtica
35:58 Conscription
35:29 Stronghold
35:24 Halberdier
37:06 Blast Furnace
36:37 Plate Mail Armor
36:34 Onager
37:45 Siege Onager
41:35 Plate Mail Armor
42:11 Chemistry
41:17 Siege Engineers
46:24 Capped Ram
49:34 Siege Ram
57:04 Spies/Treason
风从草原走过
3:24 Loom
11:44 Feudal Age
15:41 Castle Age
13:54 Double-Bit Axe
14:10 Horse Collar
16:41 Bow Saw
16:34 Heavy Plow
17:42 Fervor
24:48 Wheelbarrow
26:48 Hand Cart
30:47 Imperial Age
29:22 Stone Mining
29:23 Gold Mining
29:25 Fletching
29:38 Squires
32:33 Two-Man Saw
32:46 Warwolf
33:24 Bodkin Arrow
33:30 Padded Archer Armor
33:43 Fortified Wall
34:33 Chemistry
34:42 Gold Shaft Mining
33:54 Town Watch
34:10 Bracer
34:10 Scale Mail Armor
34:21 Forging
35:56 Elite Longbowman
36:58 Conscription
37:33 Town Patrol
37:50 Leather Archer Armor
37:11 Pikeman
39:14 Ring Archer Armor
38:59 Chain Mail Armor
39:19 Iron Casting
40:34 Yeomen
40:50 Hoardings
40:47 Block Printing
40:53 Sanctity
40:40 Caravan
41:44 Cavalier
42:25 Husbandry
43:43 Halberdier
44:31 Scale Barding Armor
47:49 Chain Barding Armor
48:30 Blast Furnace
48:01 Plate Mail Armor
48:24 Light Cavalry
50:30 Blast Furnace
49:29 Murder Holes
49:44 Masonry
51:59 Architecture
51:15 Arrowslits
51:51 Ballistics
51:13 Treadmill Crane
54:35 Plate Barding Armor
54:52 Siege Engineers
Connection lost

Rejoining the realm…

Still unreachable

The connection could not be restored.

Session expired

The server has moved on; the page needs a fresh start.